 Dungeon Crawl Stone Soup version 0.16-a0-3153-gc6d0c83 (webtiles) character file.

89 MackTheKnife the Firebug (level 4, -2/36 HPs)
             Began as a Naga Fire Elementalist on Dec 15, 2014.
             Engulfed by a cloud of flame (28 damage)
             ... on level 3 of the Dungeon.
             The game lasted 00:04:04 (1972 turns).

MackTheKnife the Firebug (Naga Fire Elementalist)   Turns: 1972, Time: 00:04:04

Health: -2/36      AC:  3    Str: 10    XL:     4   Next: 55%
Magic:  5/8        EV: 10    Int: 16    God:
Gold:   47         SH:  0    Dex: 12    Spells: 3 memorised, 2 levels left

rFire  . . .     SeeInvis +     g - +2 spear (flame)
rCold  . . .     Clarity  .     a - +0 robe
rNeg   . . .     SustAb   .     (no shield)
rPois  +         Gourm    .     (no helmet)
rElec  .         Spirit   .     (no cloak)
rCorr  .         Warding  .     l - +0 pair of gloves
rMut   .         Stasis   .     (no barding)
MR     .....                    (no amulet)
Stlth  ++........               (no ring)
                                (no ring)

@: very slow, not resistant to hostile enchantments, unstealthy
A: spit poison, see invisible, deformed body, poison resistance, slowness 2, AC
+1
a: Spit Poison


You were on level 3 of the Dungeon.
You were hungry.

You visited 1 branch of the dungeon, and saw 3 of its levels.

You collected 47 gold pieces.


Innate Abilities, Weirdness & Mutations

You cannot wear boots.
You can spit poison.
Your serpentine skin is tough (AC +1).
You have supernaturally acute eyesight.
Armour fits poorly on your strangely shaped body.
Your system is resistant to poisons.
You cover ground very slowly.


   Skills:
 - Level 1.5 Dodging
 - Level 3.0 Stealth
 + Level 2.7 Spellcasting
 + Level 2.5 Conjurations
 + Level 3.9 Fire Magic


You had 2 spell levels left.
You knew the following spells:

 Your Spells              Type           Power        Failure   Level  Hunger
c - Conjure Flame         Conj/Fire      ##......     17%         3    ###....
x - Throw Flame           Conj/Fire      ##....       10%         2    ##.....
z - Flame Tongue          Conj/Fire      ##...        8%          1    #......

Inventory:

Hand weapons
 g - a +2 spear of flaming (weapon)
Missiles
 e - 19 stones (quivered)
Armour
 a - a +0 robe (worn)
 l - a +0 pair of gloves (worn)
Scrolls
 d - 2 scrolls of identify {unknown}
 i - a scroll of teleportation {unknown}
 j - a scroll of fear {unknown}
 k - a scroll of blinking {unknown}
Potions
 f - a potion of might {unknown}
 h - 2 potions of heal wounds {unknown}
Books
 b - a book of Flames

   Spells                             Type                      Level
   a - Flame Tongue                   Conjuration/Fire             1
   b - Throw Flame                    Conjuration/Fire             2
   c - Conjure Flame                  Conjuration/Fire             3
   d - Inner Flame                    Hexes/Fire                   3
   e - Sticky Flame                   Conjuration/Fire             4
   f - Fireball                       Conjuration/Fire             5
Comestibles
 c - 2 bread rations

###### ...†<#
#########
####.#####.......#
#.......#####.#
######### #.# #.#
#.# #.# #N# #.#
#W# .........#
######... #.### #.
#. #.


You could see haldagan's ghost.


Message History

Attack whom?
Aim: a rat You reach to attack!
You hit the rat. You burn the rat.
You kill the rat!
No target in view!
No target in view!
No target in view!
There is a stone staircase leading down here.
You climb downwards.
You hear the sound of rushing water.
There is an entrance to a sewer on this level.
Hurry and find it before the portal rusts away!
A goblin comes into view.
There is a stone staircase leading up here.
The helpless goblin fails to defend itself.
You hit the goblin. You burn the goblin.
You kill the goblin!
Found a stone staircase leading up.
Haldagan's ghost (average Vine Stalker Fighter) comes into view.
Haldagan's ghost is nearby!
Haldagan's ghost turns its malevolent gaze towards you.
You hear a shout!
Aiming: Conjure Flame The fire roars!
You are feeling hungry.
Haldagan's ghost screams, "Don't try to defend!
You have no chance!"
Haldagan's ghost hits you!
Really slither into that cloud of flame?
You are engulfed in roaring flames.
Ouch! That really hurt!
You die...

Action                   |  1- 3 |  4- 6 || total
-------------------------+-------+-------++-------
Melee: Short sword       |    36 |       ||    36
       Spear             |    15 |    41 ||    56
Throw: Stone             |     6 |       ||     6
 Cast: Flame Tongue      |    19 |     3 ||    22
       Throw Flame       |     5 |       ||     5
       Conjure Flame     |       |     1 ||     1
 Abil: Spit Poison       |     7 |     2 ||     9
 Stab: Sleeping          |     4 |     5 ||     9
  Eat: Chunk             |     2 |     2 ||     4

Vault maps used:
D:1:      minmay_arrival_stair_chambers
D:2:      lemuel_crystal_altar, nicolae_ru_sacrificial_ziggurat,
          gammafunk_temple_overflow_statue, first_bread
D:3:      okawaru_trees_1, portal_sewer_entry_b, grunt_gozag_statues, uniq_iyjb

Notes
Turn   | Place    | Note
--------------------------------------------------------------
     0 | D:1      | MackTheKnife, the Naga Fire Elementalist, began the quest for the Orb.
     0 | D:1      | Reached XP level 1. HP: 15/15 MP: 3/3
   176 | D:1      | Reached XP level 2. HP: 22/22 MP: 2/4
   189 | D:1      | Learned a level 2 spell: Throw Flame
   860 | D:1      | Reached XP level 3. HP: 28/28 MP: 3/6
   918 | D:1      | Reached skill level 2 in Conjurations
  1154 | D:2      | Found a shadowy altar of Dithmenos.
  1284 | D:2      | Learned a level 3 spell: Conjure Flame
  1289 | D:2      | Found a sacrificial altar of Ru.
  1334 | D:2      | Reached XP level 4. HP: 36/36 MP: 2/8
  1503 | D:2      | Found a sparkling altar of Nemelex Xobeh.
  1504 | D:2      | Found an ancient bone altar of Kikubaaqudgha.
  1970 | D:3      | Noticed haldagan's ghost (average VSFi)
  1972 | D:3      | Engulfed by a cloud of flame

Vanquished Creatures
  A gnoll (D:1)
  An adder (D:2)
  2 worms (D:2)
  3 ball pythons (D:2)
  8 bats
  6 giant cockroaches
  8 goblins
  8 hobgoblins
  3 jackals
  5 kobolds
  A quokka (D:1)
  3 giant newts
  6 rats
55 creatures vanquished.
